 Dungeon Crawl Stone Soup version 0.29.1-1-gd02db6906a (webtiles) character file.

Game seed: 2400059325921841539

45 jimonade the Magician (level 3, -8/26 HPs)
             Began as a Gnoll Hedge Wizard on Sept 18, 2022.
             Killed by divine providence
             ... invoked by an orc priest
              (11 damage)
             ... on level 3 of the Dungeon.
             The game lasted 00:02:49 (2742 turns).

jimonade the Magician (Gnoll Hedge Wizard)          Turns: 2742, Time: 00:02:50

Health: -8/26      AC:  3    Str:  9    XL:     3   Next: 64%
Magic:  11/11      EV: 13    Int: 15    God:
Gold:   111        SH:  0    Dex: 11    Spells: 10/16 levels left

rFire   . . .      SeeInvis .   u - +2 short sword (elec)
rCold   . . .      Faith    .   (no shield)
rNeg    . . .      Spirit   .   b - +0 robe
rPois   .          Reflect  .   o - +0 helmet
rElec   .          Harm     .   (no cloak)
rCorr   .          Rampage  .   (no gloves)
Will    .....                   (no boots)
Stlth   ++........              (no amulet)
HPRegen 0.08/turn               (no ring)
MPRegen 0.12/turn               (no ring)

@: no status effects
A: fangs 1, strong nose, distributed training
a: no special abilities


You were on level 3 of the Dungeon.
You visited 1 branch of the dungeon, and saw 3 of its levels.

You collected 111 gold pieces.

Inventory:

Hand Weapons
 a - a +0 dagger
 m - a +0 quarterstaff
 u - a +2 short sword of electrocution (weapon)
Armour
 b - a +0 robe (worn)
 c - a +0 hat
 o - a +0 helmet (worn)
 p - a +0 ring mail
Jewellery
 v - a +6 ring of strength
Scrolls
 e - a scroll of vulnerability {unknown}
 h - 2 scrolls of poison {unknown}
 j - 2 scrolls of identify {unknown}
 k - a scroll of silence {unknown}
 n - 2 scrolls of blinking {unknown}
 q - a scroll of acquirement {unknown}
 t - a scroll of summoning {unknown}
Potions
 d - a potion of magic
 f - a potion of invisibility {unknown}
 g - a potion of might {unknown}
 i - a potion of ambrosia {unknown}
 l - 2 potions of heal wounds {unknown}
 r - a potion of brilliance {unknown}
 s - 2 potions of curing {unknown}


   Skills:
 + Level 1.0 Fighting
 + Level 1.0 Short Blades
 + Level 1.0 Long Blades
 + Level 1.0 Axes
 + Level 1.0 Maces & Flails
 + Level 1.0 Polearms
 + Level 1.0 Staves
 + Level 1.0 Ranged Weapons
 + Level 1.0 Throwing
 + Level 1.0 Armour
 + Level 4.6 Dodging
 + Level 4.2 Stealth
 + Level 1.0 Shields
 + Level 1.0 Unarmed Combat
 + Level 7.1 Spellcasting
 + Level 2.1 Conjurations
 + Level 0.7 Hexes
 + Level 2.1 Summonings
 + Level 0.7 Necromancy
 + Level 2.1 Translocations
 + Level 0.7 Transmutations
 + Level 0.7 Fire Magic
 + Level 0.7 Ice Magic
 + Level 0.7 Air Magic
 + Level 0.7 Earth Magic
 + Level 0.7 Poison Magic
 + Level 1.0 Invocations
 + Level 1.0 Evocations


You had 10 spell levels left.
You knew the following spells:

 Your Spells              Type           Power      Damage    Failure   Level
a - Magic Dart            Conj           44%        1d5       5%          1
b - Blink                 Tloc           22%        N/A       9%          2
c - Slow                  Hex            28%        N/A       10%         1
d - Call Imp              Summ           11%        N/A       9%          2

Your spell library contained the following spells:

 Spells                   Type           Power      Damage    Failure   Level
 Summon Small Mammal      Summ           44%        N/A       5%          1
 Call Canine Familiar     Summ           11%        N/A       16%         3
 Conjure Flame            Conj/Fire      9%         6-21      22%         3
 Summon Guardian Golem    Hex/Summ       9%         N/A       22%         3
 Mephitic Cloud           Conj/Pois/Air  8%         N/A       24%         3


Dungeon Overview and Level Annotations

Branches:
Dungeon (3/15)

Altars:


Innate Abilities, Weirdness & Mutations

You have very sharp teeth.
Your uncanny sense of smell can sniff out nearby items.
Your experience applies equally to all skills.


Message History

The endoplasm hits you but does no damage.
You hit the endoplasm but do no damage. The endoplasm freezes you.
You are frozen.
You hit the endoplasm.
The endoplasm is heavily wounded.
The endoplasm freezes you.
You are frozen.
You hit the endoplasm but do no damage.
Lightning courses through the endoplasm!
You kill the endoplasm!
The kobold throws a stone.
The stone hits you but does no damage.
An orc priest comes into view. It is wielding a +0 mace.
The orc priest shouts!
The kobold closely misses you.
You barely miss the kobold. The kobold barely misses you.
You hit the kobold. Lightning courses through the kobold!
You kill the kobold!
The orc priest invokes the aid of Beogh against you.
Pain shoots through your body!
Ouch! That really hurt!
* * * LOW HITPOINT WARNING * * *
An orc comes into view. It is wielding a +0 falchion.
Your Fighting skill increases to level 1!
Your Short Blades skill increases to level 1!
Your Long Blades skill increases to level 1!
Your Axes skill increases to level 1!
Your Maces & Flails skill increases to level 1!
Your Polearms skill increases to level 1!
Your Staves skill increases to level 1!
Your Ranged Weapons skill increases to level 1!
Your Throwing skill increases to level 1!
Your Armour skill increases to level 1!
Your Shields skill increases to level 1!
Your Unarmed Combat skill increases to level 1!
Your Evocations skill increases to level 1!
You are too injured to fight recklessly!
The orc priest mumbles some strange prayers to Beogh against you.
Beogh smites you!
You die...

.o. #.# .o. #.#
#.# # #.####.#
##.##)#...∆
#.....#.##
.....###@..#
#......!.......#
#.#..###...#####
.. ##<## .# .#
.# .#


You could see an orc priest.

Vanquished Creatures
  An adder (D:2)
  2 worms (D:2)
  A dart slug (D:1)
  5 bats
  4 endoplasms
  2 giant cockroaches (D:1)
  2 goblins
  A hobgoblin (D:1)
  A quokka (D:2)
  3 kobolds
  7 rats
29 creatures vanquished.

Vanquished Creatures (others)
  A goblin (D:1)
1 creature vanquished.

Grand Total: 30 creatures vanquished

Notes
Turn   | Place    | Note
-------+----------+-------------------------------------------
     0 | D:1      | jimonade the Gnoll Hedge Wizard began the quest for the
                  | Orb.
     0 | D:1      | Reached XP level 1. HP: 13/13 MP: 8/8
   338 | D:1      | Found a faded altar of an unknown god.
   367 | D:1      | Reached XP level 2. HP: 19/19 MP: 8/10
  1342 | D:1      | Learned a level 2 spell: Blink
  1344 | D:1      | Learned a level 1 spell: Slow
  1832 | D:2      | Reached XP level 3. HP: 25/25 MP: 7/11
  2006 | D:2      | Reached skill level 1 in Invocations
  2723 | D:2      | Learned a level 2 spell: Call Imp
  2742 | D:3      | Reached skill level 1 in Fighting
  2742 | D:3      | Reached skill level 1 in Short Blades
  2742 | D:3      | Reached skill level 1 in Long Blades
  2742 | D:3      | Reached skill level 1 in Axes
  2742 | D:3      | Reached skill level 1 in Maces & Flails
  2742 | D:3      | Reached skill level 1 in Polearms
  2742 | D:3      | Reached skill level 1 in Staves
  2742 | D:3      | Reached skill level 1 in Ranged Weapons
  2742 | D:3      | Reached skill level 1 in Throwing
  2742 | D:3      | Reached skill level 1 in Armour
  2742 | D:3      | Reached skill level 1 in Shields
  2742 | D:3      | Reached skill level 1 in Unarmed Combat
  2742 | D:3      | Reached skill level 1 in Evocations
  2742 | D:3      | Killed from afar by an orc priest

Illustrated notes

Levels and vault maps discovered:
D:1:      dpeg_arrival_simpleton_a, layout_basic, basic_ecumenical_altar,
          chequers_serial_rivers_room_a, lemuel_flame_loot_1
D:2:      layout_loops_corners
D:3:      layout_loops_ring, cheibrodos_sewer_entry_bend

Skill      XL: |  1  2  3 |
---------------+----------+-----
Conjurations   | 2 |  2.1
Summonings     | 2 |  2.1
Translocations | 2 |  2.1
Invocations    | 1 |  1.0
Fighting       | 1 |  1.0
Short Blades   | 1 |  1.0
Long Blades    | 1 |  1.0
Axes           | 1 |  1.0
Maces & Flails | 1 |  1.0
Polearms       | 1 |  1.0
Staves         | 1 |  1.0
Ranged Weapons | 1 |  1.0
Throwing       | 1 |  1.0
Armour         | 1 |  1.0
Shields        | 1 |  1.0
Unarmed Combat | 1 |  1.0
Evocations     | 1 |  1.0
Dodging        | |  4.6
Stealth        | |  4.2
Spellcasting   | |  7.1
Hexes          | |  0.7
Necromancy     | |  0.7
Transmutations | |  0.7
Fire Magic     | |  0.7
Ice Magic      | |  0.7
Air Magic      | |  0.7
Earth Magic    | |  0.7
Poison Magic   | |  0.7

Action                   || total
-------------------------++-------
Melee: Quarterstaff      ||     3
       Short sword       ||     6
 Cast: Magic Dart        ||    78
Armor: Robe              ||     8
Dodge: Dodged            ||    12
